AoeStats
← Strictness

Four Lakes

503137232Analyzed
4v4 RM · 2mo ago on Aug 30, 2026· 28m 43s· 8 players
Game mode
Random Map
Map size
Large (8 player)
Population
200
Speed
Normal
Resources
Standard
Victory
Conquest
Starting age
Dark Age
Ending age
Imperial Age
RankedLock teamsTeams togetherTeam positionsShared explorationLock speedFull tech treeHidden civsTurbo modeCheats
Victory
Defeat
🇫🇷 Mongols · France
909
+14
🇩🇪 Bohemians · Germany
875
+16
🇺🇸 Wu · United States
871
+16
🇫🇷 Franks · France
855
+16
vs
🇹🇼 Japanese · Taiwan
895
-17
🇫🇷 Britons · France
891
-17
🇯🇵 Wei · Japan
839
-14
🇧🇷 Romans · Brazil
837
-14
PoofyCastle58
7:44 Loom
10:03 Feudal Age
11:31 Double-Bit Axe
11:08 Man-at-Arms
16:56 Scale Mail Armor
18:40 Arson
22:01 Forging
22:32 Wheelbarrow
21:40 Horse Collar
25:48 Castle Age
25:04 Gold Mining
27:41 Bow Saw
27:35 Heavy Plow
27:28 Stone Mining
OPACK
4:07 Loom
10:35 Feudal Age
11:06 Double-Bit Axe
12:11 Fishing Lines
16:45 Castle Age
14:38 Gold Mining
18:15 Forging
18:11 Scale Barding Armor
18:41 Stone Mining
20:50 Wheelbarrow
22:10 Bow Saw
21:49 Town Watch
26:12 Iron Casting
27:25 Hand Cart
27:18 Fletching
Strictness
2:35 Loom
10:45 Feudal Age
12:07 Double-Bit Axe
13:09 Horse Collar
17:27 Castle Age
15:52 Forging
16:06 Fletching
18:04 Scale Barding Armor
20:03 Husbandry
22:09 Gold Mining
24:09 Wheelbarrow
24:04 Stone Mining
25:59 Bow Saw
25:50 Heavy Plow
26:28 Gold Shaft Mining
26:28 Stone Shaft Mining
27:21 Bloodlines
27:45 Fishing Lines
28:54 Stone Shaft Mining
ben00mon
11:10 Feudal Age
12:53 Loom
17:09 Castle Age
16:52 Horse Collar
21:59 Chemistry
24:42 Double-Bit Axe
27:07 Wheelbarrow
ogipochi_
9:00 Loom
11:28 Feudal Age
12:06 Double-Bit Axe
13:09 Wheelbarrow
12:28 Gold Mining
12:34 Stone Mining
13:07 Horse Collar
Kadojc
3:39 Loom
11:41 Feudal Age
13:31 Double-Bit Axe
16:35 Town Watch
19:44 Castle Age
19:56 Scale Mail Armor
19:59 Pikeman
23:45 Horse Collar
25:06 Wheelbarrow
26:20 Scale Barding Armor
28:01 Town Patrol
爺爺使把勁
12:16 Feudal Age
13:39 Wheelbarrow
12:59 Double-Bit Axe
18:15 Castle Age
19:57 Loom
22:49 Stone Mining
28:10 Murder Holes
28:54 Hand Cart
FibreZebre70034
10:46 Feudal Age
14:02 Fishing Lines
17:55 Castle Age
17:39 Double-Bit Axe
19:16 Bow Saw
18:52 Horse Collar
22:24 Crossbowman
26:03 Wheelbarrow
26:29 Fletching
27:02 Hand Cart
28:33 Bodkin Arrow
Connection lost

Rejoining the realm…

Still unreachable

The connection could not be restored.

Session expired

The server has moved on; the page needs a fresh start.